 Dungeon Crawl Stone Soup version 0.28-a0-793-g31680bbd8b (webtiles) character file.

Game seed: 4582945712132372230

39 kae the Caller (level 3, 0/17 HPs)
             Began as a Vine Stalker Summoner on Nov 3, 2021.
             Killed from afar by an orc wizard (8 damage)
             ... with a puff of flame
             ... on level 2 of the Dungeon.
             The game lasted 00:01:24 (1966 turns).

kae the Caller (Vine Stalker Summoner)              Turns: 1966, Time: 00:01:25

Health: 0/17       AC:  2    Str: 10    XL:     3   Next: 47%
Magic:  0/7        EV: 12    Int: 16    God:
Gold:   36         SH:  0    Dex: 14    Spells: 1/7 levels left

rFire   . . .      SeeInvis .   c - +0 dagger
rCold   . . .      Faith    .   (no shield)
rNeg    . . .      Spirit   +   a - +0 robe
rPois   .          Reflect  .   (no helmet)
rElec   .          Harm     .   (no cloak)
rCorr   .          Rampage  .   (no gloves)
Will    .....                   (no boots)
Stlth   ++........              (no amulet)
HPRegen 0.05/turn               (no ring)
MPRegen 0.10/turn               (no ring)

@: no status effects
A: fangs 2, magic shield, antimagic bite, no potion heal 2
a: no special abilities


You were on level 2 of the Dungeon.
You visited 1 branch of the dungeon, and saw 2 of its levels.

You collected 36 gold pieces.

Inventory:

Hand Weapons
 c - a +0 dagger (weapon)
Armour
 a - a +0 robe (worn)
Scrolls
 b - a scroll of vulnerability {unknown}
 d - a scroll of teleportation {unknown}
 g - a scroll of fear {unknown}
Potions
 e - a potion of curing {unknown}
 f - a potion of attraction {unknown}


   Skills:
 + Level 0.8 Fighting
 + Level 2.0 Dodging
 + Level 2.9 Stealth
 + Level 2.5 Spellcasting
 * Level 4.4 Summonings


You had one spell level left.
You knew the following spells:

 Your Spells              Type           Power      Damage    Failure   Level
a - Summon Small Mammal   Summ           64%        N/A       3%          1
b - Call Imp              Summ           16%        N/A       4%          2
c - Call Canine Familiar  Summ           16%        N/A       10%         3

Your spell library contained the following spells:

 Spells                   Type           Power      Damage    Failure   Level
 Summon Guardian Golem    Hex/Summ       9%         N/A       24%         3
 Summon Lightning Spire   Summ/Air       9%         N/A       63%         4


Dungeon Overview and Level Annotations

Branches:
Dungeon (2/15)

Altars:


Innate Abilities, Weirdness & Mutations

You have extremely sharp teeth.
When hurt, damage is shared between your health and your magic reserves.
Your bite disrupts and absorbs the magic of your enemies.
Potions cannot restore your health.


Message History

A beastly little devil appears in a puff of flame.
A boomerang appears from out of your range of vision.
The boomerang hits your crimson imp.
An endoplasm and an orc come into view.
Found a robe.
The orc throws a boomerang.
The boomerang hits your crimson imp.
An orc wizard comes into view. It is wielding a +0 dagger.
The orc wizard shouts!
The orc throws a boomerang.
The boomerang hits you. The orc barely misses you.
Your crimson imp blinks!
You hit the orc but do no damage. Your bite misses the orc.
The orc hits you with a +0 short sword.
You closely miss the orc. You bite the orc. You drain its power.
You feel invigorated.
The orc is heavily wounded.
The orc hits you with a +0 short sword.
You hit the orc.
The orc is almost dead.
You hit the orc.
You kill the orc!
An orc wizard comes into view. It is wielding a +0 dagger.
The orc wizard mumbles some strange words.
The orc wizard flickers and vanishes!
Deactivating autopickup; reactivate with Ctrl-A.
Casting: Call Imp (safe; 4% risk of failure)
Confirm with . or Enter, or press ? or * to list all spells.
A beastly little devil appears in a puff of frigid air.
Your crimson imp disappears in a puff of smoke!
Something hits you but does no damage.
Your white imp gestures at the orc wizard.
The puff of frost hits the orc wizard.
Casting: Call Imp (safe; 4% risk of failure)
Confirm with . or Enter, or press ? or * to list all spells.
Something hits you.
The orc wizard hits you with a +0 dagger.
Your white imp misses the orc wizard.
You hear some strange, mumbled words.
A puff of flame appears from out of thin air!
The puff of flame hits you!
You die...

#.#.#........ .
#.#..........
..##...#........
................
$...............
.......<........
...#.##.........
J.......o5§.....
.###$...@r......
#..##{.§.....
#.. #.)......
.... ##.......
.... .....>.
##..[ ..#.###
### ....# .#.##
...#


You could see an orc wizard (ally target), a friendly white imp (summoned) and a
friendly rat (summoned).

Vanquished Creatures
  An orc (D:2)
  6 endoplasms (D:1)
  A goblin (D:1)
  4 hobgoblins (D:1)
  2 jackals (D:1)
  3 bats (D:1)
  A frilled lizard (D:1)
  3 rats
21 creatures vanquished.

Vanquished Creatures (collateral kills)
  2 orcs (D:1)
  A ball python (D:1)
  A bat (D:1)
  2 endoplasms (D:1)
  A giant cockroach (D:1)
  A goblin (D:1)
  A hobgoblin (D:1)
9 creatures vanquished.

Grand Total: 30 creatures vanquished

Notes
Turn   | Place    | Note
-------+----------+-------------------------------------------
     0 | D:1      | kae the Vine Stalker Summoner began the quest for the Orb.
     0 | D:1      | Reached XP level 1. HP: 9/9 MP: 4/4
   350 | D:1      | Reached XP level 2. HP: 13/13 MP: 6/6
  1199 | D:1      | Reached XP level 3. HP: 17/17 MP: 7/7
  1637 | D:1      | Learned a level 2 spell: Call Imp
  1641 | D:1      | Learned a level 3 spell: Call Canine Familiar
  1966 | D:2      | Killed from afar by an orc wizard

Illustrated notes

Levels and vault maps discovered:
D:1:      mrwooster_arrival_arrow, layout_loops_ring
D:2:      layout_rooms, serial_shops, shop

Skill      XL: |  1  2  3 |
---------------+----------+-----
Dodging        | 2 |  2.0
Fighting       | |  0.8
Stealth        | |  2.9
Spellcasting   | |  2.5
Summonings     | |  4.4

Action                   || total
-------------------------++-------
Melee: Unarmed           ||    17
       Bite              ||    16
       Dagger            ||    59
 Cast: Summon Small Mamm ||    13
       Call Imp          ||     5
 Stab: Sleeping          ||     4
Armor: Robe              ||    13
Dodge: Dodged            ||    72

Table legend: (Time is in decaauts)
 A = Elapsed time spent in this place.
 B = Non-inter-level travel time spent in this place.
 C = Inter-level travel time spent in this place.
 D = Time resting spent in this place.
 E = Time spent auto-exploring this place.
 F = Levels seen in this place.
 G = Mean time per level.
                   A        B        C        D        E       F      G
               +--------+--------+--------+--------+--------+-----+--------+
         Total |   1967 |   1944 |     23 |    421 |   1221 |   2 |  983.5 |
       Dungeon |   1967 |   1944 |     23 |    421 |   1221 |   2 |  983.5 |
               +--------+--------+--------+--------+--------+-----+--------+

Top non-repeatable levels by time:
     D:1: 1936 daAuts
     D:2: 30 daAuts
